 Dungeon Crawl Stone Soup version 0.23-a0-270-gab6feb3 (webtiles) character file.

100 Irenicus the Grave Robber (level 4, 0/36 HPs)
             Began as a Deep Dwarf Necromancer on Oct 1, 2018.
             Was an Initiate of Sif Muna.
             Slain by a gnoll
             ... wielding a +0 club
              (6 damage)
             ... on level 4 of the Dungeon.
             The game lasted 00:09:58 (1397 turns).

Irenicus the Grave Robber (Deep Dwarf Necromancer)  Turns: 1397, Time: 00:09:59

Health: 0/36       AC:  3    Str: 11    XL:     4   Next: 47%
Magic:  0/7        EV: 12    Int: 17    God:    Sif Muna [......]
Gold:   69         SH:  0    Dex: 13    Spells: 2/7 levels left

rFire    . . .     SeeInvis .   o - +0 rapier (drain)
rCold    . . .     Gourm    .   (no shield)
rNeg     . . .     Faith    .   i - +0 leather armour
rPois    .         Spirit   .   (no helmet)
rElec    .         Reflect  .   (no cloak)
rCorr    .         Harm     .   (no gloves)
MR       .....                  (no boots)
Stlth    ++........             (no amulet)
HPRegen  0.00/turn              (no ring)
MPRegen  0.10/turn              (no ring)

@: non-regenerating
A: damage resistance, heal wounds, sense surroundings 1, no regeneration
a: Heal Wounds, Renounce Religion


You were on level 4 of the Dungeon.
You worshipped Sif Muna.
Sif Muna was noncommittal.
You were very hungry.

You visited 2 branches of the dungeon, and saw 5 of its levels.

You collected 69 gold pieces.

Inventory:

Hand Weapons
 k - a +0 hand axe
   (You found it on level 1 of the Dungeon)
 o - a +0 rapier of draining (weapon)
   (You found it on level 3 of the Dungeon)
Missiles
 d - 82 stones (quivered)
Armour
 i - a +0 leather armour (worn)
   (You found it on level 1 of the Dungeon)
Scrolls
 a - 2 scrolls of teleportation
 b - 2 scrolls of remove curse
 g - a scroll of random uselessness {unknown}
 h - a scroll of immolation {unknown}
Potions
 e - 2 potions of curing
 f - a potion of agility {unknown}
 j - 2 potions of might {unknown}
 l - a potion of flight {unknown}
 m - a potion of haste {unknown}
 n - a potion of brilliance {unknown}
Comestibles
 c - 3 rations


   Skills:
 - Level 2.1 Dodging
 - Level 2.4 Stealth
 - Level 2.0 Spellcasting
 + Level 6.4 Necromancy


You had 2 spell levels left.
You knew the following spells:

 Your Spells              Type           Power        Failure   Level  Hunger
a - Pain                  Necr           ###.         1%          1    #......
e - Animate Skeleton      Necr           N/A          1%          1    #......
v - Vampiric Draining     Necr           ###.......   5%          3    ###....

Your spell library contained the following spells:

 Spells                   Type           Power        Failure   Level  Hunger
 Animate Dead             Necr           N/A          19%         4    #####..
 Regeneration             Chrm/Necr      Unusable     N/A         3    N/A

Dungeon Overview and Level Annotations

Branches:
Dungeon (4/15)             Temple (1/1) D:4

Altars:
Cheibriados
Dithmenos
Elyvilon
Fedhas
Gozag
Hepliaklqana
Kikubaaqudgha
Nemelex Xobeh
Okawaru
Qazlal
Ru
Sif Muna
Trog
Uskayaw
Vehumet
Yredelemnul
Zin
The Shining One


Innate Abilities, Weirdness & Mutations

You are resistant to damage.
You can heal yourself by infusing magical energy.
You passively map a small area around you.
You do not regenerate.


Message History

3 gnolls come into view.
The gnoll shouts! x2; You hear a shout!
Found 16 arrows and a war axe.
Found a staircase to the Ecumenical Temple and a stone staircase leading up.
There is a stone staircase leading up here.
There is a staircase to the Ecumenical Temple here.
You climb downwards.
Welcome to the Ecumenical Temple!
There is a staircase back to the Dungeon here.
You open the door.
There is an open door here.
MP restored: 7 You are feeling hungry.
You open the door.
Found a sparkling altar of Nemelex Xobeh.
Found a radiant altar of Vehumet.
There is an open door here.
Found a sacrificial altar of Ru.
Found a hide-covered altar of Uskayaw.
There is a sparkling altar of Nemelex Xobeh here.
There is an open door here.
You open the door.
Found three altars.
Found a blossoming altar of Fedhas.
There is an open door here.
Found a bloodstained altar of Trog.
There is an open door here.
You open the door.
Found three altars.
Found a glowing silver altar of Zin.
There is an open door here.
Found a stormy altar of Qazlal.
There is an open door here.
You open the door.
Found a basalt altar of Yredelemnul and a white marble altar of Elyvilon.
There is an open door here.
Found a deep blue altar of Sif Muna.
Found an opulent altar of Gozag.
There is a basalt altar of Yredelemnul here.
There is a deep blue altar of Sif Muna here.
You kneel at the altar of Sif Muna.
Sif Muna welcomes you!
There is a basalt altar of Yredelemnul here.
There is an open door here.
There is an open door here.
There is a staircase back to the Dungeon here.
Memorise Vampiric Draining, consuming 3 spell levels and leaving 2?
You start memorising the spell.
You continue memorising. x3
You finish memorising.
Spell assigned to 'x'.
Adjust (i)tems, (s)pells, or (a)bilities?
Huh?
Adjust (i)tems, (s)pells, or (a)bilities?
Adjust which spell? x - Vampiric Draining Adjust to which letter? c - Vampiric Draining Adjust (i)tems, (s)pells, or (a)bilities?
Adjust which spell? c - Vampiric Draining Adjust to which letter? v - Vampiric Draining You climb upwards.
Welcome back to the Dungeon!
A giant cockroach comes into view.
The gnoll hits you with a club. x2
There is a staircase to the Ecumenical Temple, spattered with blood here.
You take 4 damage, and have 19/36 hp.
Aim: a gnoll, wielding a club You feel life coursing into your body.
The gnoll misses you.
You regained 4 hp, and now have 23/36 hp.
You now have 4/7 mp.
Aim: a gnoll, wielding a club (severely wounded, chance to defeat MR: 88%)
The gnoll writhes in agony!
You kill the gnoll!
Sif Muna accepts your kill.
You are feeling very hungry.
You now have 3/7 mp.
Aim: a gnoll, wielding a club You feel life coursing into your body.
The gnoll misses you.
You regained 3 hp, and now have 26/36 hp.
You now have 0/7 mp.
You closely miss the gnoll.
An adder comes into view.
The gnoll misses you.
You closely miss the gnoll.
The adder hisses angrily.
The gnoll hits you with a club.
You take 4 damage, and have 22/36 hp.
You hit the gnoll but do no damage. The gnoll hits you with a club!
You take 5 damage, and have 17/36 hp.
You closely miss the gnoll. The gnoll closely misses you.
Aim: a gnoll, wielding a club (heavily wounded, chance to defeat MR: 88%)
The gnoll writhes in agony!
The gnoll hits you with a club.
You take 5 damage, and have 12/36 hp.
You now have 0/7 mp.
Found an escape hatch in the floor.
You barely miss the gnoll. The gnoll completely misses you.
You barely miss the gnoll. The gnoll hits you with a club!
* * * LOW HITPOINT WARNING * * *
You take 6 damage, and have 6/36 hp.
Okay, then.
The gnoll hits you with a club!
You die...

#.. .....,
#.###....#.
#.#...#....
#........#
#........#
#####.#......####,
#..s..#.8.#....<...
##g##...)......##..
#@##.8.>.8........
#>.#.)............
##.#.#.8.#........
.#..............
#...............g
########.<.......
#..(...g....
#...........
#...#.......


You could see a gnoll and a giant cockroach.

Vanquished Creatures
  A gnoll (D:4)
  4 adders
  A worm (D:2)
  A dart slug (D:1)
  2 leopard geckos
  2 orcs (D:3)
  A ball python (D:3)
  8 bats
  6 giant cockroaches
  A goblin (D:1)
  4 hobgoblins
  4 jackals (D:1)
  A quokka (D:2)
  2 frilled lizards (D:2)
  2 kobolds (D:1)
  4 rats
44 creatures vanquished.

Vanquished Creatures (collateral kills)
  An orc (D:3)
  A ball python (D:3)
2 creatures vanquished.

Grand Total: 46 creatures vanquished

Notes
Turn   | Place    | Note
-------+----------+-------------------------------------------
     0 | D:1      | Irenicus the Deep Dwarf Necromancer began the quest for the
                  | Orb.
     0 | D:1      | Reached XP level 1. HP: 15/15 MP: 3/3
   251 | D:1      | Reached skill level 2 in Spellcasting
   285 | D:1      | Reached XP level 2. HP: 14/22 MP: 0/5
   340 | D:1      | Reached skill level 5 in Necromancy
   381 | D:1      | Learned a level 1 spell: Animate Skeleton
   566 | D:2      | HP: 1/22 [worm (7)]
   613 | D:2      | Reached XP level 3. HP: 27/28 MP: 0/6
  1077 | D:3      | Found a faded altar of an unknown god.
  1089 | D:3      | Reached skill level 6 in Necromancy
  1092 | D:3      | Reached XP level 4. HP: 25/36 MP: 0/7
  1220 | D:4      | Found a staircase to the Ecumenical Temple.
  1227 | Temple   | Entered the Ecumenical Temple
  1344 | Temple   | Became a worshipper of Sif Muna the Loreminder
  1379 | Temple   | Learned a level 3 spell: Vampiric Draining
  1396 | D:4      | HP: 6/36 [gnoll/club (6)]
  1397 | D:4      | Slain by a gnoll

Vault maps used:
D:1:      evilmike_arrival_rings
D:3:      chequers_ecumenical_altar_simple, tso_altar
D:4:      minmay_temple_entry_statues_pillars, kennysheep_generic_room_8,
          uniq_menkaure, uniq_blork_the_orc, uniq_grinder, uniq_sigmund
Temple:   dpeg_five_rooms_temple

Skill      XL: |  1  2  3 |
---------------+----------+-----
Spellcasting   | 2 |  2.0
Necromancy     | 5 6 |  6.4
Dodging        | |  2.1
Stealth        | |  2.4

Action                   |  1- 3 |  4- 6 || total
-------------------------+-------+-------++-------
Melee: Club              |    20 |       ||    20
       Hand axe          |    12 |     2 ||    14
       Rapier            |       |    10 ||    10
 Cast: Pain              |    66 |    11 ||    77
       Animate Skeleton  |     4 |       ||     4
       Vampiric Draining |       |     2 ||     2
  Use: Scroll            |     5 |       ||     5
       Potion            |     1 |       ||     1
 Stab: Distracted        |       |     1 ||     1
  Eat: Chunk             |     2 |       ||     2
Armor: Robe              |    12 |       ||    12
       Leather armour    |     5 |     1 ||     6
Dodge: Dodged            |    40 |    10 ||    50

Table legend:
 A = Non-vault XP
 B = Vault XP
 C = Vault XP percentage of total XP
 D = Non-vault monster count
 E = Vault monster count
 F = Vault count percentage of total count
                 A         B        C        D         E       F
            +---------+---------+-------+---------+---------+-------
      Total |     144 |       0 |   0.0 |      46 |       0 |   0.0
            +---------+---------+-------+---------+---------+-------
        D:1 |      32 |       0 |   0.0 |      17 |       0 |   0.0
        D:2 |      46 |       0 |   0.0 |      12 |       0 |   0.0
        D:3 |      52 |       0 |   0.0 |      16 |       0 |   0.0
        D:4 |      14 |       0 |   0.0 |       1 |       0 |   0.0
            +---------+---------+-------+---------+---------+-------

Vault maps used:
D:1:      evilmike_arrival_rings
D:3:      chequers_ecumenical_altar_simple, tso_altar
D:4:      minmay_temple_entry_statues_pillars, kennysheep_generic_room_8,
          uniq_menkaure, uniq_blork_the_orc, uniq_grinder, uniq_sigmund
Temple:   dpeg_five_rooms_temple

Table legend:
 A = Turns spent in this place as a percentage of turns spent in the entire game.
 B = Non-inter-level travel turns spent in this place as a percentage of non-inter-level travel turns spent in the entire game.
 C = Inter-level travel turns spent in this place as a percentage of turns spent in this place.
 D = Turns resting spent in this place as a percentage of non-inter-level travel turns spent in this place.
 E = Turns spent auto-exploring this place as a percentage of non-inter-level travel turns spent in this place.
 F = Non-inter-level travel turns spent in this place divided by the number of levels of this place that you've seen.
                   A       B       C       D       E      F
               +-------+-------+-------+-------+-------+----------------------
         Total | 100.0 | 100.0 |   0.0 |   0.0 |   0.0 | 279.4
       Dungeon |  89.0 |  89.0 |   0.0 |   0.0 |   0.0 | 311.0
        Temple |  11.0 |  11.0 |   0.0 |   0.0 |   0.0 | 153.0
               +-------+-------+-------+-------+-------+----------------------

Table legend:
 A = Kills in this place as a percentage of kills in entire the game.
 B = Kills by you in this place as a percentage of kills by you in the entire game.
 C = Kills by friends in this place as a percentage of kills by friends in the entire game.
 D = Other kills in this place as a percentage of other kills in the entire game.
 E = Experience gained in this place as a percentage of experience gained in the entire game.
 F = Experience gained in this place divided by the number of levels of this place that you have seen.
                   A       B       C       D       E      F
               +-------+-------+-------+-------+-------+----------------------
         Total | 100.0 | 100.0 | 100.0 |   N/A | 100.0 |  28.8
       Dungeon | 100.0 | 100.0 | 100.0 |   N/A | 100.0 |  36.0
               +-------+-------+-------+-------+-------+----------------------
